 Dungeon Crawl Stone Soup version 0.23.2-1-ga50397a6bc (webtiles) character file.

Game seed: 6467450710360471910

1040 MachJacob the Cudgeler (level 8, -9/49 HPs)
             Began as a Gargoyle Fighter on Apr 22, 2019.
             Mangled by an ogre
             ... wielding a +0 giant club
              (21 damage)
             ... on level 5 of the Dungeon.
             The game lasted 00:26:15 (4831 turns).

MachJacob the Cudgeler (Gargoyle Fighter)           Turns: 4831, Time: 00:26:16

Health: -9/49      AC: 15    Str: 22    XL:     8   Next: 24%
Magic:  8/8        EV:  6    Int:  8    God:
Gold:   211        SH: 10    Dex: 10    Spells: 7/7 levels left

rFire    . . .     SeeInvis .   a - +0 flail
rCold    . . .     Gourm    .   c - +0 shield
rNeg     + + .     Faith    .   p - +0 chain mail
rPois    ∞         Spirit   .   (no helmet)
rElec    +         Reflect  .   (no cloak)
rCorr    .         Harm     .   (no gloves)
MR       .....                  (no boots)
Stlth    ..........             (no amulet)
HPRegen  0.16/turn              s - ring of positive energy
MPRegen  0.11/turn              (no ring)

@: no status effects
A: negative energy resistance 1, electricity resistance, unbreathing,
petrification resistance, rot immunity, AC +5
a: no special abilities


You were on level 5 of the Dungeon.
You were hungry.

You visited 1 branch of the dungeon, and saw 5 of its levels.

You collected 211 gold pieces.

Inventory:

Hand Weapons
 a - a +0 flail (weapon)
 b - a +0 hunting sling
Missiles
 h - 42 sling bullets
Armour
 c - a +0 shield (worn)
 p - a +0 chain mail (worn)
Jewellery
 s - a ring of positive energy (left hand)
 u - a +4 ring of dexterity {unknown}
Scrolls
 g - a scroll of noise {unknown}
 j - 3 scrolls of remove curse {unknown}
 l - a scroll of enchant armour {unknown}
 n - 6 scrolls of identify
 q - 2 scrolls of fear {unknown}
 r - 3 scrolls of teleportation {unknown}
 t - 2 scrolls of immolation {unknown}
 v - a scroll of magic mapping {unknown}
 x - a scroll of enchant weapon {unknown}
Potions
 d - 2 potions of might
 e - 3 potions of curing {unknown}
 i - 2 potions of magic {unknown}
 k - a potion of mutation {unknown}
 m - 3 potions of heal wounds {unknown}
 o - a potion of flight {unknown}
 z - a potion of berserk rage {unknown}
Comestibles
 f - 11 rations
 w - a chunk of flesh


   Skills:
 + Level 5.3 Fighting
 * Level 6.8 Maces & Flails
 + Level 5.3 Armour
 + Level 5.3 Shields


You had 7 spell levels left.
You didn't know any spells.
Your spell library contained the following spells:

 Spells                   Type           Power        Failure   Level  Hunger
 Corona                   Hex            #......      100%        1    ##.....
 Ensorcelled Hibernation  Hex/Ice        #.....       100%        2    ###....
 Confuse                  Hex            #.......     100%        3    ####...
 Dazzling Spray           Conj/Hex       #.....       100%        3    ####...
 Tukima's Dance           Hex            #.......     100%        3    ####...


Dungeon Overview and Level Annotations

Branches:
Dungeon (5/15)
 Temple: D:4-7

Altars:
Dithmenos
Elyvilon
Fedhas
Gozag
Sif Muna
Trog
Vehumet
The Shining One

Annotations:
D:3 1 runed translucent door


Innate Abilities, Weirdness & Mutations

You are resistant to torment.
Your stone body is resilient. (AC +5)
You are immune to poison.
You resist negative energy. (rN+)
You are resistant to electric shocks. (rElec)
You can survive without breathing.
You are immune to petrification.
You are immune to rotting.


Message History

The ogre is severely wounded.
The ogre hits you with a +0 giant club!!
You hit the ogre.
The ogre is severely wounded.
The ogre hits you with a +0 giant club!!
* * * LOW HITPOINT WARNING * * *
You are too injured to fight recklessly!
You are too injured to fight recklessly!
You are feeling hungry.
You are too injured to fight recklessly!
You closely miss the ogre.
The ogre is severely wounded.
You block the ogre's attack.
You barely miss the ogre.
The ogre is severely wounded.
You block the ogre's attack.
You hit the ogre.
The ogre is almost dead.
The ogre hits you with a +0 giant club!!
You die...

#####.##########.#
#. #.# #####. #.#
...... #.# ######
#.# ######
.#######.# ......
........S# ######
.#######O# #
#...##@# ######
#.#....# .....#
#...##.# ####.#
##.###.# # #.#
#.###.## #.#
#.##.#.## #.#
#...###.# ####.#
######.#..##
..##.#
............#


You could see an ogre and an adder.

Vanquished Creatures
  Sigmund (D:3)
  2 sky beasts
  The ghost of Peloso the Shield-Bearer, an amateur MiFi (D:3)
  A scorpion (D:5)
  A howler monkey (D:4)
  2 crimson imps
  2 hounds
  2 jellies (D:5)
  A bullfrog skeleton (D:4)
  Jessica (D:2)
  An iguana (D:5)
  3 worker ants
  8 adders (D:3)
  3 oozes
  3 worms
  4 dart slugs (D:1)
  3 leopard geckos
  A ball python (D:3)
  5 giant cockroaches
  9 goblins
  7 hobgoblins
  4 jackals (D:2)
  6 kobolds
  2 quokkas
  5 bats
  9 frilled lizards
  7 rats
94 creatures vanquished.

Notes
Turn   | Place    | Note
-------+----------+-------------------------------------------
     0 | D:1      | MachJacob the Gargoyle Fighter began the quest for the Orb.
     0 | D:1      | Reached XP level 1. HP: 14/14 MP: 1/1
   209 | D:1      | Reached XP level 2. HP: 19/19 MP: 2/2
   263 | D:1      | Reached skill level 3 in Maces & Flails
   562 | D:1      | You fall through a shaft!
   718 | D:2      | Found a white marble altar of Elyvilon.
   730 | D:2      | Reached XP level 3. HP: 23/23 MP: 3/3
   986 | D:2      | Found a glowing golden altar of the Shining One.
  1036 | D:2      | Found a blossoming altar of Fedhas.
  1036 | D:2      | Found a radiant altar of Vehumet.
  1038 | D:2      | Found a deep blue altar of Sif Muna.
  1038 | D:2      | Found a shadowy altar of Dithmenos.
  1038 | D:2      | Found an opulent altar of Gozag.
  1038 | D:2      | Found a bloodstained altar of Trog.
  1228 | D:2      | Reached skill level 4 in Maces & Flails
  1231 | D:2      | Noticed Jessica
  1264 | D:2      | Killed Jessica
  1264 | D:2      | Reached XP level 4. HP: 18/28 MP: 4/4
  2387 | D:3      | Found a runed translucent door.
  2390 | D:3      | Noticed Peloso's ghost (amateur MiFi)
  2410 | D:3      | Reached XP level 5. HP: 32/32 MP: 5/5
  2428 | D:3      | Found a runed translucent door.
  2683 | D:3      | Noticed a sky beast
  2711 | D:3      | Killed a sky beast
  2711 | D:3      | Reached skill level 5 in Maces & Flails
  2711 | D:3      | Reached XP level 6. HP: 30/38 MP: 6/6
  2902 | D:3      | Noticed Sigmund
  3636 | D:4      | Reached XP level 7. HP: 42/44 MP: 7/7
  3792 | D:5      | Entered Level 5 of the Dungeon
  3831 | D:3      | Killed Sigmund
  4076 | D:3      | Killed Peloso's ghost
  4076 | D:3      | Reached skill level 6 in Maces & Flails
  4318 | D:5      | Reached skill level 5 in Fighting
  4318 | D:5      | Reached skill level 5 in Armour
  4318 | D:5      | Reached skill level 5 in Shields
  4434 | D:5      | Reached XP level 8. HP: 45/49 MP: 8/8
  4831 | D:5      | Mangled by an ogre

Skill      XL: |  1  2  3  4  5  6  7 |
---------------+----------------------+-----
Maces & Flails | 3 4 5 6 |  6.8
Fighting       | 4 5 |  5.3
Armour         | 4 5 |  5.3
Shields        | 4 5 |  5.3

Action                   |  1- 3 |  4- 6 |  7- 9 || total
-------------------------+-------+-------+-------++-------
Melee: Flail             |   142 |   246 |   124 ||   512
 Fire: Hunting sling     |       |       |     4 ||     4
  Use: Scroll            |       |     1 |       ||     1
  Eat: Chunk             |     1 |     8 |     4 ||    13
Armor: Scale mail        |    47 |       |       ||    47
       Chain mail        |    21 |   145 |    55 ||   221
Dodge: Dodged            |    39 |    43 |    18 ||   100
Block: Shield            |    54 |    98 |    49 ||   201
